 Dungeon Crawl Stone Soup version 0.29-a0-39-g581ba40fa7 (webtiles) character file.

Game seed: 14872759870001826096

50 HiggsBoson the Cudgeller (level 3, -3/36 HPs)
             Began as a Troll Berserker on Feb 1, 2022.
             Was a Believer of Trog.
             Slain by an iguana (8 damage)
             ... on level 3 of the Dungeon.
             The game lasted 00:10:44 (1137 turns).

HiggsBoson the Cudgeller (Troll Berserker)          Turns: 1137, Time: 00:10:45

Health: -3/36      AC:  4    Str: 27    XL:     3   Next: 55%
Magic:  0/2        EV: 10    Int:  3    God:    Trog [**....]
Gold:   95         SH:  0    Dex:  9    Spells: 2/2 levels left

rFire   . . .      SeeInvis .   d - +0 dagger
rCold   . . .      Faith    .   (no shield)
rNeg    . . .      Spirit   +   b - +0 animal skin
rPois   .          Reflect  .   (helmet restricted)
rElec   .          Harm     .   (no cloak)
rCorr   .          Rampage  .   (gloves unavailable)
Will    .....                   (boots unavailable)
Stlth   +.........              f - amulet of guardian spirit
HPRegen 0.92/turn               (no ring)
MPRegen 0.08/turn               (no ring)

@: no status effects
A: large, unfitting armour, claws 3, regeneration 1, shaggy fur 1, tough skin 1
a: Renounce Religion, Berserk, Trog's Hand


You were on level 3 of the Dungeon.
You worshipped Trog.
Trog was pleased with you.
You visited 1 branch of the dungeon, and saw 3 of its levels.

You collected 95 gold pieces.

Inventory:

Hand Weapons
 a - a +0 mace
 c - a +0 dagger
 d - a +0 dagger (weapon)
Armour
 b - a +0 animal skin (worn)
 g - a +0 pair of gloves
Jewellery
 f - an amulet of guardian spirit (around neck)
Scrolls
 e - 3 scrolls of vulnerability
 h - a scroll of teleportation {unknown}


   Skills:
 + Level 2.8 Fighting
 + Level 3.4 Maces & Flails
 + Level 2.9 Dodging


You had 2 spell levels left.
You didn't know any spells.
Your spell library contained the following spells:

 Spells                   Type           Power      Damage    Failure   Level
 Sublimation of Blood     Necr           0%         N/A       67%         2
 Wereblood                Tmut           0%         N/A       67%         2
 Summon Hydra             Summ           0%         N/A       100%        7


Dungeon Overview and Level Annotations

Branches:
Dungeon (3/15)

Altars:
Okawaru


Innate Abilities, Weirdness & Mutations

You are too large for most types of armour.
You have claws for hands.
Your natural rate of healing is unusually fast.
You are covered in fur. (AC +1)
You have tough skin. (AC +1)


Message History

The iguana barely misses you.
You closely miss the iguana. The hound bites you but does no damage.
The iguana barely misses you. The hound closely misses you.
You hit the iguana but do no damage. The hound barely misses you.
The endoplasm freezes you.
You are frozen.
The iguana hisses menacingly.
The iguana bites you!
You barely miss the iguana. The hound closely misses you.
The endoplasm freezes you.
You are frozen.
The kobold hits you with a +0 whip. The hound closely misses you.
The iguana closely misses you.
You hit the iguana.
The iguana is lightly wounded.
The hound bites you. The endoplasm freezes you.
You are frozen.
The kobold hits you but does no damage. The iguana closely misses you.
You barely miss the iguana.
The iguana is lightly wounded.
The hound bites you.
* * * LOW HITPOINT WARNING * * *
The endoplasm barely misses you. The kobold hits you but does no damage.
The hound barely misses you. The iguana bites you.
* * * LOW HITPOINT WARNING * * *
Adjust to which letter? (? for menu, Esc to quit)
Okay, then.
You hit the endoplasm.
The endoplasm is lightly wounded.
The hound bites you but does no damage. The endoplasm completely misses you.
The kobold hits you with a +0 whip.
* * * LOW HITPOINT WARNING * * *
The iguana closely misses you.
You hit the endoplasm but do no damage.
The endoplasm is lightly wounded.
The hound bites you but does no damage. The endoplasm barely misses you.
The kobold hits you with a +0 whip.
* * * LOW HITPOINT WARNING * * *
The hound bites you but does no damage. The iguana bites you!
You die...

...........#
..........#
.........### .
.......... ..
.......# #?.
......######+
..(.###JK...#......
.....Sl@...##.....
######h..#..#.....
#...'...# #...##..#
#...#...#
#.....#.#####
.......#.....#
##########.##.#
...####.##.#


You could see an iguana, a hound, an endoplasm, a ball python and a kobold.

Vanquished Creatures
  An adder (D:2)
  A dart slug (D:2)
  3 ball pythons (D:1)
  6 bats
  4 endoplasms
  2 giant cockroaches
  2 jackals (D:1)
  2 quokkas (D:2)
  2 frilled lizards (D:1)
  5 goblins
  4 kobolds
  6 rats
38 creatures vanquished.

Vanquished Creatures (others)
  A fungus (D:3)
  4 plants
5 creatures vanquished.

Grand Total: 43 creatures vanquished

Notes
Turn   | Place    | Note
-------+----------+-------------------------------------------
     0 | D:1      | HiggsBoson the Troll Berserker began the quest for the Orb.
     0 | D:1      | Reached XP level 1. HP: 22/22 MP: 0/0
   254 | D:1      | Reached XP level 2. HP: 29/29 MP: 1/1
   367 | D:1      | Reached skill level 3 in Maces & Flails
   642 | D:2      | Reached XP level 3. HP: 29/36 MP: 2/2
   753 | D:2      | Reached ** piety under Trog
   834 | D:2      | Found an iron altar of Okawaru.
  1137 | D:3      | Slain by an iguana

Illustrated notes

Levels and vault maps discovered:
D:1:      dpeg_arrival_rhombus, layout_loops_ring, serial_bayou_lake_a
D:2:      layout_loops_corners, basic_altar, minmay_worlds_worst_comb
D:3:      layout_basic, dreamdust_ecumenical_altar_grove, minmay_bisected

Skill      XL: |  1  2 |
---------------+-------+-----
Maces & Flails | 3 |  3.4
Fighting       | |  2.8
Dodging        | |  2.9

Action                   || total
-------------------------++-------
Melee: Mace              ||    99
       Dagger            ||    11
  Use: Scroll            ||     1
Armor: Animal skin       ||    59
Dodge: Dodged            ||    95

Table legend: (Time is in decaauts)
 A = Elapsed time spent in this place.
 B = Non-inter-level travel time spent in this place.
 C = Inter-level travel time spent in this place.
 D = Time resting spent in this place.
 E = Time spent auto-exploring this place.
 F = Levels seen in this place.
 G = Mean time per level.
                   A        B        C        D        E       F      G
               +--------+--------+--------+--------+--------+-----+--------+
         Total |   1163 |    881 |    282 |      0 |      1 |   3 |  387.7 |
       Dungeon |   1163 |    881 |    282 |      0 |      1 |   3 |  387.7 |
               +--------+--------+--------+--------+--------+-----+--------+

Top non-repeatable levels by time:
     D:1: 644 daAuts
     D:2: 483 daAuts
     D:3: 35 daAuts
